AoeStats
← Blitzkrieg

Arena

510159003Analyzed
2v2 RM · 21h ago on Sep 29, 2026· 58m 40s· 4 players
Game mode
Random Map
Map size
Medium (4 player)
Population
200
Speed
Normal
Resources
Standard
Victory
Conquest
Starting age
Dark Age
Ending age
Imperial Age
RankedLock teamsTeams togetherTeam positionsShared explorationLock speedFull tech treeHidden civsTurbo modeCheats
Victory
Defeat
🇩🇰 Danes · Denmark
1131
+13
🇩🇰 Cumans · Denmark
1027
+17
🇧🇪 Turks · Belgium
1068
-15
1050
-15
player0
9:35 Feudal Age
14:21 Castle Age
14:17 Double-Bit Axe
14:14 Horse Collar
27:44 Wheelbarrow
27:55 Loom
32:42 Imperial Age
31:09 Padded Archer Armor
31:42 Town Watch
35:04 Bloodlines
35:50 Scale Barding Armor
35:55 Forging
36:06 Husbandry
36:53 Chain Barding Armor
38:15 Iron Casting
38:31 Plate Barding Armor
38:08 Heavy Plow
38:51 Bow Saw
39:18 Elite Janissary
40:54 Conscription
41:48 Blast Furnace
46:15 Fletching
52:33 Leather Archer Armor
lenkamie plays on touchpad
14:11 Feudal Age
15:03 Loom
16:29 Double-Bit Axe
19:03 Castle Age
35:31 Forging
38:40 Bow Saw
38:12 Horse Collar
42:14 Fletching
43:00 Iron Casting
42:30 Padded Archer Armor
42:35 Scale Barding Armor
43:52 Light Cavalry
45:53 Bloodlines
47:20 Chain Barding Armor
49:31 Heavy Plow
59:16 Imperial Age
57:22 Wheelbarrow
57:37 Elite Skirmisher
Blitzkrieg
11:51 Feudal Age
13:20 Scale Mail Armor
18:22 Double-Bit Axe
25:37 Castle Age
23:35 Horse Collar
26:35 Capped Ram
26:38 Pikeman
28:13 Heavy Plow
28:39 Bow Saw
34:08 Bloodlines
34:05 Scale Barding Armor
34:11 Forging
34:51 Wheelbarrow
34:43 Ballistics
35:39 Chain Barding Armor
35:10 Fletching
35:21 Padded Archer Armor
39:39 Imperial Age
38:37 Iron Casting
38:51 Steppe Husbandry
39:35 Hand Cart
39:43 Elite Steppe Lancer
41:02 Plate Barding Armor
41:28 Blast Furnace
39:52 Siege Ram
44:15 Two-Man Saw
43:08 Gold Mining
43:08 Stone Mining
43:50 Crop Rotation
49:41 Bodkin Arrow
50:02 Leather Archer Armor
49:31 Heavy Cavalry Archer
50:22 Thumb Ring
51:20 Conscription
51:57 Parthian Tactics
56:29 Chemistry
55:31 Murder Holes
Alkaersig
7:33 Loom
8:06 Loom
10:31 Feudal Age
11:30 Double-Bit Axe
14:29 Castle Age
12:20 Horse Collar
13:35 Scale Mail Armor
18:22 Chain Mail Armor
19:08 Squires
18:56 Arson
19:54 Squires
21:52 Wheelbarrow
22:06 Bow Saw
26:26 Padded Archer Armor
26:19 Fletching
26:51 Town Watch
28:06 Elite Skirmisher
29:51 Ballistics
29:54 Gold Mining
30:16 Heavy Plow
30:52 Murder Holes
32:06 Gold Shaft Mining
31:22 Stone Mining
32:10 Gold Shaft Mining
32:44 Hand Cart
33:17 Bodkin Arrow
35:16 Stone Shaft Mining
35:24 Leather Archer Armor
38:01 Imperial Age
36:06 Scale Barding Armor
37:31 Bloodlines
37:22 Husbandry
37:45 Chain Barding Armor
38:51 Bracer
39:22 Ring Archer Armor
39:24 Plate Mail Armor
39:08 Forging
40:03 Chemistry
39:52 Conscription
39:17 Cranequins
39:40 Heavy Mounted Crossbowman
40:57 Siege Engineers
41:20 Elite Varangian Guard
43:06 Plate Barding Armor
45:43 Iron Casting
50:04 Blast Furnace
58:25 Pikeman
Connection lost

Rejoining the realm…

Still unreachable

The connection could not be restored.

Session expired

The server has moved on; the page needs a fresh start.